 Dungeon Crawl Stone Soup version 0.21.1-1-g345015f (webtiles) character file.

420 Kagorn the Slasher (level 6, 0/42 HPs)
             Began as a Vampire Fighter on June 4, 2018.
             Was an Initiate of Hepliaklqana.
             Killed from afar by an orc wizard (3 damage)
             ... with a puff of flame
             ... on level 4 of the Dungeon.
             The game lasted 00:29:19 (3172 turns).

Kagorn the Slasher (Vampire Fighter)                Turns: 3172, Time: 00:29:20

Health: 0/42       AC:  6    Str: 21    XL:     6   Next: 62%
Magic:  7/8        EV:  8    Int: 11    God:    Hepliaklqana [......]
Gold:   154        SH:  9    Dex: 14    Spells: 8/8 levels left

rFire    . . .     SeeInvis +   p - +2 dagger (speed)
rCold    . . .     Gourm    .   c - +0 shield
rNeg     + . .     Faith    .   b - +0 scale mail
rPois    .         Spirit   .   (no helmet)
rElec    .         Reflect  .   (no cloak)
rCorr    .         Harm     .   (no gloves)
MR       .....                  (no boots)
Stlth    +.........             (no amulet)
HPRegen  0.14/turn              (no ring)
MPRegen  0.11/turn              (no ring)

@: mighty
A: reduced essence, fangs 3, see invisible, unbreathing
a: Bat Form, Recall Ancestor, Ancestor Identity, Renounce Religion


You were on level 4 of the Dungeon.
You worshipped Hepliaklqana.
Hepliaklqana was noncommittal.
You were not thirsty.

You visited 1 branch of the dungeon, and saw 4 of its levels.

You collected 154 gold pieces.

Inventory:

Hand Weapons
 a - a +0 long sword
 p - a +2 dagger of speed (weapon)
 q - a cursed -1 trident
 s - a cursed -1 short sword
Armour
 b - a +0 scale mail (worn)
 c - a +0 shield (worn)
Jewellery
 g - an uncursed amulet of magic regeneration {unknown}
 i - an uncursed amulet of rage {unknown}
Scrolls
 h - 3 scrolls of teleportation {unknown}
 j - a scroll of amnesia {unknown}
 m - 4 scrolls of identify {unknown}
 r - a scroll of remove curse {unknown}
Potions
 d - 2 potions of might
 e - 16 potions of blood
 f - a potion of magic {unknown}
 k - a potion of haste {unknown}
 l - a potion of brilliance {unknown}
 n - a potion of cancellation {unknown}
 o - a potion of resistance {unknown}
 t - a potion of heal wounds {unknown}


   Skills:
 + Level 3.2 Fighting
 * Level 1.1(3.2) Short Blades
 * Level 4.3 Long Blades
 + Level 3.0 Armour
 * Level 2.1 Dodging
 * Level 3.2 Stealth
 + Level 3.2 Shields
 * Level 1.8 Spellcasting
 * Level 0.9 Invocations


You had 8 spell levels left.
You didn't know any spells.

Dungeon Overview and Level Annotations

Branches:
Dungeon (4/15)
 Temple: D:4-7

Altars:
Hepliaklqana
Kikubaaqudgha
Vehumet
Yredelemnul


Innate Abilities, Weirdness & Mutations

You have razor-sharp teeth.
You have supernaturally acute eyesight. (SInv)
You can survive without breathing.
Your life essence is reduced to manifest your ancestor. (-10% HP)


Message History

The orc wizard is severely wounded.
The orc wizard points at you and mumbles some strange words.
The magic dart hits you!
* * * LOW HITPOINT WARNING * * *
You block the orc's attack.
The orc barely misses Ishtar-belessa.
The orc hits Ishtar-belessa.
Ishtar-belessa closely misses the orc.
The orc wizard points at you and mumbles some strange words.
The magic dart hits you!
* * * LOW HITPOINT WARNING * * *
The orc closely misses Ishtar-belessa.
The orc hits Ishtar-belessa with a hand axe.
You swap places.
You block the orc wizard's attack.
Ishtar-belessa barely misses the orc.
The orc hits you with a short sword.
* * * LOW HITPOINT WARNING * * *
Ishtar-belessa completely misses the orc wizard.
The orc barely misses you. You block the orc's attack.
The orc wizard points at you and mumbles some strange words.
The puff of flame hits you!
You die...

.. .! . #. [ #. .#
# #. .# ##
##.#.#.#####.#..#
.........)R...?.#.
........ooow......
.....#..o@<..#...#
### #.##....# ..#
#....?......#
..##.##.#...# ....
... .#.#.#
#...##.# ## # #
#..# #!# #.#


You could see the friendly Ishtar-belessa the ancestor, a worm, an orc wizard
and 3 orcs.

Vanquished Creatures
  A human (D:3)
  An orc wizard (D:3)
  An adder (D:2)
  4 worms
  A dart slug (D:1)
  5 leopard geckos
  6 orcs
  A ball python (D:2)
  2 giant cockroaches
  4 hobgoblins (D:1)
  3 jackals (D:2)
  3 quokkas (D:3)
  5 bats
  6 frilled lizards
  10 goblins
  4 kobolds
  4 rats
61 creatures vanquished.

Vanquished Creatures (collateral kills)
  The ghost of Jaiteiro the Ducker, an amateur TrWr of Cheibriados (D:3)
  An orc priest (D:3)
  A human skeleton (D:3)
  6 orcs (D:3)
  A goblin (D:3)
  A kobold (D:3)
11 creatures vanquished.

Grand Total: 72 creatures vanquished

Notes
Turn   | Place    | Note
-------+----------+-------------------------------------------
     0 | D:1      | Kagorn the Vampire Fighter began the quest for the Orb.
     0 | D:1      | Reached XP level 1. HP: 17/17 MP: 1/1
   156 | D:1      | Reached XP level 2. HP: 14/23 MP: 2/2
   268 | D:1      | Reached skill level 1 in Stealth
  1243 | D:2      | Reached XP level 3. HP: 19/28 MP: 4/4
  1317 | D:2      | Found a radiant altar of Vehumet.
  1728 | D:2      | Found an ancient bone altar of Kikubaaqudgha.
  2023 | D:2      | Reached skill level 1 in Dodging
  2023 | D:2      | Reached skill level 1 in Spellcasting
  2235 | D:3      | Reached XP level 4. HP: 20/34 MP: 5/5
  2289 | D:3      | Found a hazy altar of Hepliaklqana.
  2305 | D:3      | Reached skill level 3 in Long Blades
  2321 | D:3      | Became a worshipper of Hepliaklqana the Forgotten
  2339 | D:3      | Noticed Jaiteiro's ghost (amateur TrWr)
  2547 | D:3      | Reached XP level 5. HP: 35/36 MP: 5/7
  2693 | D:3      | Found a runed door.
  2693 | D:3      | Noticed a human
  2696 | D:3      | Found a basalt altar of Yredelemnul.
  2758 | D:3      | Killed Jaiteiro's ghost
  2768 | D:3      | Reached XP level 6. HP: 34/42 MP: 8/8
  2777 | D:3      | Reached skill level 4 in Long Blades
  3074 | D:3      | Killed a human
  3074 | D:3      | Reached skill level 1 in Short Blades
  3172 | D:4      | Killed from afar by an orc wizard

Skill      XL: |  1  2  3  4  5  6 |
---------------+-------------------+-----
Stealth        | 1 2 3 |  3.2
Dodging        | 1 2 |  2.1
Spellcasting   | 1 |  1.8
Long Blades    | 3 4 |  4.3
Fighting       | 3 |  3.2
Shields        | 3 |  3.2
Short Blades   | 1 |  1.1
Armour         | 3 |  3.0
Invocations    | |  0.9

Action                   |  1- 3 |  4- 6 || total
-------------------------+-------+-------++-------
Melee: Long sword        |   143 |    45 ||   188
       Bite              |    17 |    19 ||    36
       Dagger            |       |    71 ||    71
Invok: Recall Ancestor   |       |     1 ||     1
 Abil: Bat Form          |     1 |     1 ||     2
       End Transformatio |     1 |       ||     1
  Use: Potion            |    10 |     4 ||    14
Armor: Scale mail        |    65 |    40 ||   105
Dodge: Dodged            |    44 |    30 ||    74
Block: Shield            |    70 |    61 ||   131
       Rpst.: Long sword |    15 |     3 ||    18
